Map: Ephemeron LE

Players

llllllllllll (Trap) - Winner!

  • Race: Protoss Protoss
  • League: Master
  • Spawn Location: 5:00

Zest

  • Race: Protoss Protoss
  • League: Master
  • Spawn Location: 11:00

VOD

Have the link to the VOD?

Description

Time

  • Played on: Jan. 7, 2020, 9:14 p.m.
  • Length: 10:25
Show
View Real Time Build Order
Export as new Build Order

llllllllllll Protoss - Winner!

Build Orders: Oracle Opening, Zealot Archon 

Get SALT Encoding   

  12  0:00  Probe  
  13  0:12  Probe  
  14  0:17  Pylon  
  14  0:24  Probe (Chrono Boost)  
  15  0:36  Probe (Chrono Boost)  
  15  0:38  Gateway  
  16  0:45  Probe (Chrono Boost)  
  16  0:47  Assimilator  
  17  0:50  Probe  
  17  0:55  Assimilator  
  18  1:03  Probe (Chrono Boost)  
  20  1:12  Probe (Chrono Boost), Gateway  
  20  1:17  Probe (Chrono Boost)  
  21  1:26  Cybernetics Core  
  21  1:29  Probe  
  22  1:34  Pylon  
  22  1:41  Probe  
  23  1:53  Probe  
  24  2:02  Stalker x2  
  24  2:03  Warp Gate  
  28  2:12  Pylon  
  28  2:26  Stargate  
  28  2:36  Stalker  
  29  2:44  Stalker  
  31  3:10  Oracle (Chrono Boost)  
  31  3:18  Nexus  
  31  3:19  Probe  
  35  3:27  Shield Battery  
  35  3:31  Probe  
  36  3:36  Pylon  
  36  3:43  Probe  
  37  3:50  Twilight Council  
  38  3:55  Probe (Chrono Boost)  
  38  4:07  Probe (Chrono Boost)  
  39  4:12  Probe (Chrono Boost)  
  40  4:21  Forge  
  40  4:22  Probe (Chrono Boost)  
  41  4:25  Sentry  
  41  4:27  Charge  
  43  4:32  Probe (Chrono Boost)  
  43  4:34  Probe (Chrono Boost)  
  45  4:41  Probe (Chrono Boost)  
  45  4:42  Probe (Chrono Boost)  
  47  4:47  Phoenix, Probe  
  47  4:48  Probe  
  51  4:54  Protoss Ground Weapons Level 1 (Chrono Boost)  
  51  4:55  Pylon  
  51  5:00  Probe x2  
  51  5:03  Shield Battery  
  51  5:05  Sentry  
  55  5:08  Zealot  
  58  5:14  Probe x2  
  59  5:22  Assimilator  
  59  5:24  Assimilator  
  59  5:26  Probe x2  
  61  5:30  Stalker  
  63  5:37  Stalker  
  63  5:39  Probe x2  
  65  5:51  Robotics Facility  
  65  5:52  Probe  
  65  5:53  Probe  
  67  6:04  Gateway  
  67  6:07  Gateway  
  67  6:09  Probe x2  
  69  6:16  Pylon  
  69  6:21  Pylon  
  69  6:29  Gateway x2  
  69  6:35  Templar Archives  
  69  6:37  Warp Prism (Chrono Boost)  
  69  6:45  Protoss Ground Weapons Level 2 (Chrono Boost), Pylon  
  71  6:49  Zealot x2  
  75  7:07  Gateway  
  75  7:10  Gateway  
  75  7:20  High Templar x3  
  75  7:21  High Templar  
  83  7:23  Pylon, Zealot x2  
  83  7:25  Pylon, Archon x2  
  87  7:30  Shield Battery  
  87  7:32  Shield Battery  
  87  7:49  High Templar x2  
  87  7:50  Nexus  
  91  7:54  Archon  
  91  7:59  Zealot x3  
  91  8:02  Probe x2  
  95  8:08  Zealot x2  
  95  8:12  Zealot  
  100  8:25  Pylon, Zealot x4  
  107  8:27  Pylon  
  107  8:34  Zealot  
  109  8:45  High Templar  
  109  8:46  High Templar x3  
  115  8:49  Archon  
  115  8:51  Archon, Zealot x3  
  115  9:01  Pylon  
  115  9:02  Pylon, Zealot  
  117  9:20  High Templar x2  
  117  9:21  Zealot x4  
  117  9:23  Zealot  
  131  9:26  Archon  
  131  9:27  Zealot  
  130  9:45  High Templar  
  130  9:46  High Templar, Zealot x3  
  130  9:50  Archon  
  132  10:06  Zealot x2  
  132  10:07  Zealot x4  
  96  10:19  Zealot x2  
Show
View Real Time Build Order
Export as new Build Order

Zest Protoss 

Build Orders: Zealot Archon 

Get SALT Encoding   

  12  0:00  Probe  
  13  0:12  Probe  
  14  0:17  Pylon  
  14  0:24  Probe (Chrono Boost)  
  16  0:37  Probe (Chrono Boost), Gateway  
  16  0:43  Probe (Chrono Boost)  
  16  0:46  Assimilator  
  17  0:51  Probe  
  17  0:55  Assimilator  
  18  1:03  Probe (Chrono Boost)  
  19  1:08  Gateway  
  19  1:13  Probe (Chrono Boost)  
  19  1:17  Probe (Chrono Boost)  
  20  1:25  Cybernetics Core  
  21  1:29  Probe  
  22  1:35  Pylon  
  22  1:41  Probe  
  23  1:53  Probe  
  24  1:59  Warp Gate (Chrono Boost)  
  24  2:02  Adept x2  
  28  2:11  Pylon  
  28  2:20  Pylon  
  28  2:32  Sentry x2  
  32  2:45  Nexus  
  32  2:50  Probe  
  33  2:54  Robotics Facility  
  33  3:07  Pylon  
  33  3:16  Probe  
  34  3:29  Probe  
  34  3:33  Stalker  
  34  3:34  Stalker  
  39  3:41  Probe, Warp Prism  
  42  3:54  Probe  
  43  3:58  Probe  
  43  4:01  Stalker x2  
  48  4:10  Probe  
  48  4:18  Observer  
  48  4:19  Probe  
  50  4:27  Probe (Chrono Boost)  
  50  4:29  Pylon  
  51  4:31  Probe (Chrono Boost)  
  52  4:39  Probe (Chrono Boost)  
  52  4:42  Probe (Chrono Boost), Pylon  
  52  4:45  Probe (Chrono Boost)  
  53  4:47  Probe (Chrono Boost)  
  53  4:48  Adept x2  
  59  4:53  Assimilator  
  59  4:54  Probe  
  59  4:55  Assimilator  
  59  4:57  Probe  
  59  4:59  Pylon  
  61  5:06  Probe  
  62  5:09  Probe  
  63  5:18  Probe  
  64  5:22  Probe  
  64  5:26  Immortal (Chrono Boost)  
  65  5:43  Probe x2  
  65  5:46  Forge, Twilight Council  
  65  5:55  Probe x2  
  65  5:56  Immortal (Chrono Boost)  
  65  6:01  Gateway x2  
  65  6:04  Gateway  
  69  6:05  Gateway  
  69  6:12  Gateway  
  69  6:13  Gateway  
  69  6:15  Protoss Ground Weapons Level 1 (Chrono Boost)  
  69  6:22  Charge  
  69  6:24  Templar Archives  
  69  6:25  Observer  
  69  6:27  Pylon  
  69  6:34  Adept x2  
  69  6:37  Immortal (Chrono Boost)  
  73  6:45  Pylon  
  77  6:49  Pylon  
  77  7:03  Shield Battery  
  77  7:06  High Templar x3  
  77  7:08  High Templar  
  85  7:11  Warp Prism  
  85  7:15  Archon x2  
  85  7:22  Shield Battery  
  85  7:38  High Templar x2  
  85  7:39  Zealot x5  
  85  7:40  Zealot  
  85  7:43  Pylon  
  101  7:44  Archon  
  101  8:01  Protoss Ground Weapons Level 2 (Chrono Boost)  
  101  8:08  Nexus  
  97  8:16  High Templar  
  99  8:20  Zealot x4, Observer  
  99  8:21  Zealot  
  101  8:36  Zealot  
  101  8:37  Zealot  
  99  8:44  Zealot  
  99  8:45  Zealot x2  
  101  8:53  Zealot x3  
  105  8:59  High Templar  
  105  9:00  High Templar  
  105  9:02  Pylon  
  109  9:09  Pylon  
  109  9:13  Archon  
  109  9:23  High Templar x2  
  113  9:26  Photon Cannon  
  113  9:27  Archon  
  113  9:31  High Templar x2, Zealot x3  
  115  9:35  Archon  
  123  9:45  Pylon  
  123  9:51  Pylon  
  114  10:00  Zealot  
  114  10:01  Zealot x5  
  97  10:09  Zealot  
  97  10:10  Zealot  
Tags
 
Add a new tag
Caveats
  • Supply blocks, unpowered buildings, or Contaminate may cause inaccurate times.
  • Supply counts are checked every 10 seconds.